Map: Tokamak LE

Players

Sindyr

  • Race: Terran Terran
  • Spawn Location: 1:00

Xanthar - Winner!

  • Race: Protoss Protoss
  • League: Gold
  • Spawn Location: 7:00

VOD

Have the link to the VOD?

Description

Time

  • Played on: Sept. 7, 2025, 4:37 p.m.
  • Length: 15:16
Show
View Real Time Build Order
Export as new Build Order

Sindyr Terran 

Build Orders:  

Get SALT Encoding   

  12  0:04  SCV  
  13  0:16  SCV  
  14  0:25  Supply Depot  
  14  0:28  SCV  
  15  0:46  SCV  
  15  0:48  Barracks  
  16  0:58  SCV  
  17  1:15  SCV  
  18  1:27  SCV  
  19  1:37  Marine  
  20  1:46  SCV  
  21  1:58  SCV  
  21  2:01  Refinery  
  22  2:02  Marine  
  22  2:03  Refinery  
  23  2:13  Supply Depot  
  23  2:31  Orbital Command  
  23  2:34  Marine  
  24  2:44  Barracks  
  24  2:45  Command Center  
  24  2:57  Supply Depot  
  23  3:19  SCV  
  24  3:22  Command Center  
  24  3:31  SCV  
  25  3:48  Engineering Bay  
  25  3:54  SCV  
  26  3:59  Orbital Command  
  26  4:05  Barracks Reactor, Barracks Tech Lab  
  26  4:06  SCV  
  27  4:12  Factory  
  27  4:18  SCV  
  28  4:30  Terran Infantry Weapons Level 1  
  28  4:31  SCV  
  29  4:40  Stimpack  
  29  4:45  Marine x2  
  29  4:46  Marine  
  32  4:56  SCV x2  
  35  5:03  Marine x2  
  36  5:08  Planetary Fortress  
  36  5:17  Marine  
  36  5:21  Marine x2  
  37  5:25  Barracks  
  37  5:26  Barracks x2  
  39  5:29  SCV x2  
  39  5:35  Marine  
  41  5:41  SCV x2  
  44  5:44  Refinery  
  44  5:48  Factory Tech Lab  
  44  5:53  SCV  
  44  5:54  SCV  
  46  6:00  Starport  
  46  6:01  Engineering Bay  
  46  6:15  SCV  
  47  6:21  Missile Turret  
  47  6:24  Terran Infantry Armor Level 1  
  47  6:27  SCV  
  47  6:30  Armory  
  49  6:40  SCV, Refinery  
  49  6:42  Missile Turret, Barracks Reactor  
  49  6:43  Barracks Tech Lab x2  
  49  6:46  Marine  
  49  6:47  Marine, Marauder  
  49  6:52  SCV  
  54  7:04  SCV, Marine  
  54  7:05  Marine  
  54  7:06  Starport Reactor  
  57  7:09  Marauder, Combat Shield  
  57  7:12  SCV x2  
  61  7:16  SCV  
  61  7:22  Marine x2  
  63  7:24  SCV x2  
  63  7:26  Marine x3  
  69  7:33  Marine  
  69  7:34  SCV, Marauder  
  69  7:36  SCV x2  
  68  7:40  Marine x2  
  68  7:42  Terran Infantry Weapons Level 2  
  68  7:44  Marine x2  
  70  7:46  SCV  
  70  7:48  SCV x2  
  70  7:49  Missile Turret x2  
  75  8:00  SCV  
  76  8:09  Marauder  
  76  8:12  SCV  
  79  8:14  Terran Vehicle Weapons Level 1  
  79  8:18  Medivac x2  
  83  8:20  Barracks Reactor  
  83  8:22  SCV  
  83  8:24  SCV  
  83  8:25  Refinery  
  85  8:31  Refinery  
  85  8:42  Command Center  
  85  8:50  Factory  
  85  8:56  Supply Depot  
  85  8:57  Supply Depot  
  85  8:58  Supply Depot  
  85  9:18  Marine x3, SCV x3, Marauder x2  
  95  9:30  SCV x2  
  97  9:37  Terran Infantry Armor Level 2  
  97  9:39  Concussive Shells  
  97  9:40  Marauder  
  97  9:42  SCV x2  
  97  9:43  Medivac x2  
  105  9:45  Refinery  
  105  9:50  Refinery  
  105  9:54  SCV x2  
  105  9:55  Command Center  
  107  10:06  SCV  
  108  10:08  Terran Vehicle And Ship Armor Level 1  
  108  10:13  Medivac x2  
  112  10:21  Planetary Fortress  
  112  10:40  Hellbat  
  112  10:42  Marine x3  
  120  10:43  Marauder x2, Marine x3  
  120  10:48  Supply Depot  
  124  10:50  Supply Depot  
  124  11:02  Supply Depot  
  124  11:03  Supply Depot  
  124  11:07  Marine x5, SCV, Marauder x2  
  134  11:13  Starport  
  134  11:14  Starport  
  134  11:19  SCV  
  134  11:21  Planetary Fortress  
  135  11:25  SCV  
  135  11:29  Marauder x2  
  135  11:31  SCV  
  141  11:38  SCV  
  142  11:42  Factory  
  142  11:43  SCV  
  142  11:45  Factory  
  143  11:50  SCV  
  144  11:55  SCV  
  144  11:59  Siege Tank x2  
  144  12:01  Medivac x2  
  153  12:02  SCV  
  153  12:03  Marine  
  153  12:04  Marine x5, Marauder x2  
  166  12:14  SCV  
  167  12:21  Marine x3  
  167  12:22  Marine, Missile Turret  
  171  12:24  Missile Turret  
  171  12:27  Command Center  
  171  12:30  Terran Infantry Weapons Level 3, Terran Infantry Armor Level 3  
  171  12:31  Terran Vehicle Weapons Level 2  
  171  13:34  Marine  
  171  13:35  Marauder  
  171  13:36  Marauder, Medivac  
  171  13:37  Medivac, Siege Tank  
  93  13:57  Marauder  
  93  14:02  Planetary Fortress  
  95  14:06  Factory Tech Lab x2  
  89  14:10  Marine x6  
  89  14:11  Marauder  
  89  14:13  SCV  
  98  14:18  Marauder  
  95  14:28  Marine x5  
  92  14:32  Marauder  
  93  14:39  Marauder  
  94  14:54  Marauder  
  94  14:55  Marine x6  
Show
View Real Time Build Order
Export as new Build Order

Xanthar Protoss - Winner!

Build Orders: Carriers 

Get SALT Encoding   

  12  0:00  Probe  
  13  0:12  Probe  
  14  0:21  Pylon  
  14  0:28  Probe  
  15  0:37  Probe  
  16  0:45  Probe  
  16  0:46  Gateway  
  17  1:03  Probe  
  18  1:11  Probe  
  18  1:16  Pylon  
  19  1:21  Probe  
  19  1:23  Forge  
  20  1:33  Probe  
  21  1:44  Zealot  
  21  1:45  Probe  
  24  1:52  Assimilator  
  24  1:54  Assimilator  
  24  2:01  Pylon  
  24  2:06  Pylon  
  24  2:19  Probe  
  25  2:27  Cybernetics Core  
  25  2:30  Probe  
  25  2:36  Photon Cannon  
  26  2:38  Probe  
  27  2:46  Probe  
  27  2:49  Zealot  
  30  2:54  Gateway  
  30  2:56  Gateway  
  30  2:58  Probe  
  29  3:08  Warp Gate  
  29  3:10  Probe  
  30  3:16  Nexus  
  30  3:18  Probe  
  30  3:26  Probe  
  31  3:29  Pylon  
  32  3:36  Sentry, Probe  
  35  3:44  Zealot  
  35  3:45  Zealot  
  39  3:52  Shield Battery  
  39  3:54  Probe  
  40  4:06  Twilight Council  
  40  4:08  Zealot  
  42  4:11  Protoss Ground Weapons Level 1  
  42  4:23  Probe  
  43  4:25  Probe, Photon Cannon  
  44  4:35  Probe  
  45  4:41  Probe  
  45  4:42  Charge  
  45  4:43  Probe  
  46  4:51  Probe  
  47  4:53  Probe, Assimilator  
  47  4:59  Assimilator  
  49  5:16  Probe x2  
  49  5:18  Templar Archives  
  51  5:22  Zealot x2  
  51  5:23  Zealot  
  51  5:26  Probe  
  57  5:28  Probe  
  57  5:34  Probe  
  59  5:40  Probe  
  61  5:43  Probe  
  61  5:44  Gateway  
  61  5:49  Robotics Facility  
  62  5:57  Pylon  
  62  6:01  Pylon  
  62  6:05  Pylon  
  62  6:11  Psionic Storm  
  62  6:13  Pylon  
  62  6:14  Protoss Shields Level 1  
  62  6:15  Probe x2  
  62  6:17  High Templar x2, Pylon  
  68  6:23  Probe  
  68  6:28  Probe  
  68  6:30  Zealot  
  68  6:32  Probe  
  72  6:39  Observer  
  74  6:40  Probe  
  74  6:42  Probe  
  74  6:45  Zealot  
  78  6:52  Probe  
  79  6:57  Observer  
  80  7:08  Nexus  
  80  7:12  Pylon  
  80  7:13  Pylon  
  80  7:15  Observer  
  81  7:16  Pylon  
  79  7:44  Probe  
  79  7:46  Probe  
  81  7:52  Probe  
  82  7:59  Probe  
  82  8:01  Probe, Photon Cannon  
  82  8:02  Photon Cannon  
  82  8:04  Photon Cannon  
  84  8:06  Photon Cannon  
  84  8:11  Probe  
  85  8:13  Probe  
  85  8:15  High Templar x2  
  85  8:16  High Templar x2  
  94  8:20  Protoss Shields Level 2  
  94  8:23  Probe  
  94  8:25  Probe  
  96  8:31  Probe  
  96  8:32  Assimilator  
  97  8:35  Probe, Stargate  
  97  8:37  Assimilator, Probe, Protoss Air Weapons Level 1  
  99  8:45  Forge  
  99  8:46  Forge  
  99  8:49  High Templar x2  
  99  8:50  Zealot  
  99  8:51  Zealot  
  99  8:55  Gateway  
  107  8:56  Gateway  
  107  8:57  Nexus  
  107  9:00  Gateway  
  107  9:01  Pylon  
  107  9:03  Pylon, Gateway  
  107  9:18  Pylon  
  107  9:20  Assimilator, Observer, Protoss Ground Armor Level 1  
  107  9:22  Assimilator, Protoss Ground Weapons Level 2  
  108  9:26  Zealot x3  
  108  9:27  Zealot  
  116  9:38  Observer  
  117  9:50  Photon Cannon  
  117  9:51  Photon Cannon  
  117  9:52  Photon Cannon  
  117  9:54  Photon Cannon  
  117  9:55  Cybernetics Core  
  117  9:56  Observer  
  117  9:57  Shield Battery  
  117  9:59  Shield Battery  
  118  10:01  Shield Battery  
  118  10:11  Zealot x2  
  118  10:12  Zealot x3  
  118  10:13  Zealot x2  
  118  10:14  Zealot, Observer  
  134  10:15  Probe  
  134  10:18  Probe  
  134  10:19  Probe x2  
  139  10:23  Probe  
  139  10:26  Protoss Air Armor Level 1  
  140  10:30  Probe  
  140  10:31  Probe x2  
  140  10:33  Fleet Beacon  
  143  10:43  Probe  
  144  10:50  Probe  
  144  10:53  Probe  
  144  10:54  Probe  
  144  10:55  Probe  
  148  10:58  Probe  
  148  10:59  Protoss Shields Level 3  
  149  11:05  Probe  
  149  11:06  Probe, Stargate  
  149  11:07  Stargate, Probe  
  149  11:09  Stargate  
  152  11:15  Protoss Air Weapons Level 2  
  152  11:21  Flux Vanes  
  158  11:25  Carrier  
  158  11:57  Carrier x3  
  176  12:04  Pylon  
  176  12:09  Pylon  
  176  12:10  Pylon  
  176  12:11  Protoss Ground Weapons Level 3  
  176  12:12  Pylon, Protoss Ground Armor Level 2  
  176  12:14  Pylon  
  176  12:15  Pylon  
  184  12:30  Carrier  
  184  12:33  Mothership, Protoss Air Armor Level 2  
  190  13:17  Carrier  
  196  13:58  Unknown  
Tags
 
Composition
Carriers
League
Gold
Matchup
PvT
Replay Pack
Multiplayer
Spawn Locations
Cross Positions
Add a new tag
Caveats
  • Supply blocks, unpowered buildings, or Contaminate may cause inaccurate times.
  • Supply counts are checked every 10 seconds.